 Dungeon Crawl Stone Soup version 0.22-a0-32-ga749362 (webtiles) character file.

119 tonage the Chopper (level 5, 0/46 HPs)
             Began as a Hill Orc Fighter on Jan 3, 2018.
             Slain by an adder (4 damage)
             ... on level 2 of the Dungeon.
             The game lasted 00:04:36 (2152 turns).

tonage the Chopper (Hill Orc Fighter)               Turns: 2152, Time: 00:04:36

Health: 0/46       AC:  9    Str: 20    XL:     5   Next: 3%
Magic:  5/5        EV:  5    Int:  8    God:
Gold:   60         SH:  9    Dex: 10    Spells: 4/4 levels left

rFire    . . .     SeeInvis .   a - +0 war axe
rCold    . . .     Gourm    .   c - +0 shield
rNeg     . . .     Faith    .   n - +0 chain mail
rPois    .         Spirit   .   (no helmet)
rElec    .         Reflect  .   (no cloak)
rCorr    .         Harm     .   (no gloves)
MR       .....                  (no boots)
Stlth    ..........             (no amulet)
HPRegen  0.15/turn              (no ring)
MPRegen  0.09/turn              (no ring)

@: lethally poisoned (0 -> -1)
A: no striking features
a: no special abilities


You were on level 2 of the Dungeon.
You were hungry.

You visited 1 branch of the dungeon, and saw 2 of its levels.

You collected 60 gold pieces.

Inventory:

Hand Weapons
 a - a +0 war axe (weapon)
 e - a +0 mace
 g - a +0 mace
 j - a cursed -3 whip
 l - a +0 club
 o - a +0 whip
 p - a +0 club
 q - a +0 flail
 r - a +0 dagger
Armour
 b - a +0 scale mail
 c - a +0 shield (worn)
 n - a +0 chain mail (worn)
Scrolls
 h - 2 scrolls of identify {unknown}
 i - a scroll of enchant armour {unknown}
Potions
 k - a potion of lignification {unknown}
 m - a potion of brilliance {unknown}
Comestibles
 f - a ration


   Skills:
 + Level 4.1 Fighting
 * Level 5.0 Axes
 + Level 3.8 Armour
 + Level 0.1 Dodging
 + Level 3.9 Shields


You had 4 spell levels left.
You didn't know any spells.

Dungeon Overview and Level Annotations

Branches:
Dungeon (2/15)

Altars:


Message History

You miss the adder.
The adder is moderately wounded.
The adder bites you.
* * * LOW HITPOINT WARNING * * *
You closely miss the adder.
The adder is moderately wounded.
The adder bites you.
* * * LOW HITPOINT WARNING * * *
The adder bites you.
* * * LOW HITPOINT WARNING * * *
You are poisoned.
The adder poisons you!
Your shield and chain mail prevent you from hitting the adder.
The adder is moderately wounded.
You feel sick. You block the adder's attack.
The adder bites you but does no damage.
You miss the adder.
The adder is moderately wounded.
The adder bites you.
You die...

....... #.....#..
....... #####.>..
.....###
#######...... .S...
............. #..#
#######.#####
#†##### ######÷##
#.††..# #.....÷.#
#####S# #.......#
#@## #.......#
#..####.......#
###....#.......#
#...##.>.......#
#......###.......#
#.......##.......#
#.......##.......#
.........##.......#
####.....###########


You could see an adder.

Vanquished Creatures
  Natasha (D:2)
  4 gnolls (D:2)
  2 adders (D:2)
  2 worms (D:2)
  A leopard gecko (D:1)
  A giant cockroach (D:1)
  A hobgoblin (D:1)
  11 jackals
  2 kobolds
  6 bats
  4 rats
35 creatures vanquished.

Notes
Turn   | Place    | Note
-------+----------+-------------------------------------------
     0 | D:1      | tonage the Hill Orc Fighter began the quest for the Orb.
     0 | D:1      | Reached XP level 1. HP: 19/19 MP: 1/1
   180 | D:1      | Reached skill level 3 in Axes
   192 | D:1      | Reached XP level 2. HP: 24/27 MP: 2/2
  1321 | D:2      | Reached XP level 3. HP: 21/33 MP: 3/3
  1737 | D:2      | Reached skill level 4 in Axes
  1740 | D:2      | Reached XP level 4. HP: 18/40 MP: 4/4
  2064 | D:2      | Noticed Natasha
  2091 | D:2      | Killed Natasha
  2091 | D:2      | Reached skill level 5 in Axes
  2092 | D:2      | Reached XP level 5. HP: 3/46 MP: 5/5
  2152 | D:2      | Slain by an adder

Vault maps used:
D:1:      ncdulo_lavacross
D:2:      uniq_natasha

Skill      XL: |  1  2  3  4 |
---------------+-------------+-----
Axes           | 3 4 5 |  5.0
Fighting       | 4 |  4.1
Armour         | |  3.8
Dodging        | |  0.1
Shields        | |  3.9

Action                   |  1- 3 |  4- 6 || total
-------------------------+-------+-------++-------
Melee: War axe           |    94 |    51 ||   145
  Use: Potion            |       |     1 ||     1
  Eat: Ration            |     1 |       ||     1
Armor: Scale mail        |    52 |       ||    52
       Chain mail        |     6 |    53 ||    59
Dodge: Dodged            |    42 |    13 ||    55
Block: Shield            |    63 |    19 ||    82

Table legend:
 A = Spawn XP
 B = Non-spawn XP
 C = Spawn XP percentage of total XP
 D = Spawn monster count
 E = Non-spawn monster count
 F = Spawn count percentage of total count
 G = Total turns spent on level
                    A         B        C        D         E        F      G
               +---------+---------+-------+---------+---------+-------+---------
         Total |       0 |     170 |   0.0 |       0 |      35 |   0.0 |  2152
               +---------+---------+-------+---------+---------+-------+---------
           D:1 |       0 |      27 |   0.0 |       0 |      16 |   0.0 |  1291
           D:2 |       0 |     143 |   0.0 |       0 |      19 |   0.0 |   861
               +---------+---------+-------+---------+---------+-------+---------
